 Dungeon Crawl Stone Soup version 0.21.1-1-g345015f (webtiles) character file.

94404 pk666 the Eclecticist (level 15, -16/72 HPs)
             Began as a Deep Elf Wizard on Feb 13, 2018.
             Was a High Priest of Vehumet.
             Demolished by a yaktaur captain (30 damage)
             ... on level 15 of the Dungeon.
             The game lasted 02:53:04 (41284 turns).

pk666 the Eclecticist (Deep Elf Wizard)            Turns: 41284, Time: 02:53:05

Health: -16/72     AC:  7    Str:  4    XL:     15   Next: 63%
Magic:  32/53      EV: 24    Int: 30    God:    Vehumet [*****.]
Gold:   2369       SH:  0    Dex: 17    Spells: 13/49 levels left

rFire    . . .     SeeInvis +   O - staff of power
rCold    + + .     Gourm    .   (no shield)
rNeg     . . .     Faith    .   u - +1 robe "Detix" {rC++}
rPois    .         Spirit   .   b - +1 hat
rElec    .         Reflect  .   j - +0 cloak
rCorr    .         Harm     .   a - +0 pair of gloves
MR       +....                  f - +0 pair of boots
Stlth    ++........             (no amulet)
HPRegen  0.22/turn              S - ring of see invisible
MPRegen  0.33/turn              x - +4 ring of dexterity

@: studying Long Blades
A: no striking features
a: Renounce Religion


You were on level 15 of the Dungeon.
You worshipped Vehumet.
Vehumet was extremely pleased with you.
You were not hungry.

You visited 3 branches of the dungeon, and saw 22 of its levels.

You collected 2369 gold pieces.

Inventory:

Armour
 a - a +0 pair of gloves (worn)
 b - a +1 hat (worn)
 f - a +0 pair of boots (worn)
 j - a +0 cloak (worn)
 u - the +1 robe "Detix" (worn) {rC++}
   (You found it on level 4 of the Dungeon)

   It greatly protects you from cold.
Magical Staves
 O - an uncursed staff of power (weapon)
Jewellery
 p - a +6 ring of protection
 x - a +4 ring of dexterity (right hand)
 C - a +3 ring of protection
 K - an uncursed ring of protection from cold {unknown}
 S - a ring of see invisible (left hand)
Wands
 c - a wand of acid (19)
 v - a wand of paralysis (46)
 z - a wand of digging (12)
 I - a wand of clouds (7)
 J - a wand of enslavement (14)
 T - a wand of random effects (19)
 X - a wand of polymorph (28)
Scrolls
 e - 2 scrolls of identify
 g - 8 scrolls of remove curse
 h - a scroll of blinking
 i - 4 scrolls of teleportation
 s - 2 scrolls of magic mapping
 t - 6 scrolls of amnesia
 y - 2 scrolls of enchant weapon
 A - a scroll of holy word
 B - 3 scrolls of summoning
 F - a scroll of fear
 H - 3 scrolls of fog
Potions
 k - 6 potions of lignification
 l - 3 potions of haste
 m - 5 potions of curing
 n - 5 potions of flight
 o - a potion of invisibility
 q - 3 potions of cancellation
 w - 2 potions of resistance
 D - a potion of might
 G - a potion of berserk rage
 U - 2 potions of heal wounds
 Z - 2 potions of brilliance
Books
 r - a book of Enchantments

   Spells                             Type                      Level
   a - Cause Fear                     Hexes                        4
   b - Yara's Violent Unravelling     Hexes/Transmutation          5
   c - Silence                        Hexes/Air                    5
   d - Deflect Missiles               Charms/Air                   6
   e - Discord                        Hexes                        8
 E - a manual of Long Blades
 N - a book of Power

   Spells                             Type                      Level
   a - Iskenderun's Battlesphere      Conjuration/Charms           5
   b - Venom Bolt                     Conjuration/Poison           5
   c - Bolt of Magma                  Conjuration/Fire/Earth       5
   d - Iron Shot                      Conjuration/Earth            6
   e - Orb of Destruction             Conjuration                  7
   f - Spellforged Servitor           Conjuration/Summoning        7
 R - a book of the Earth

   Spells                             Type                      Level
   a - Leda's Liquefaction            Hexes/Earth                  4
   b - Bolt of Magma                  Conjuration/Fire/Earth       5
   c - Statue Form                    Transmutation/Earth          6
   d - Iron Shot                      Conjuration/Earth            6
   e - Shatter                        Earth                        9
Comestibles
 d - 28 rations
 L - 7 chunks of flesh


   Skills:
 + Level 15.6 Dodging
 - Level 2.4 Stealth
 + Level 17.6 Spellcasting
 + Level 15.3 Conjurations
   Level 1.1 Summonings
 - Level 4.7 Necromancy
 - Level 4.1 Translocations
 + Level 14.2 Fire Magic
 - Level 2.1 Air Magic
 - Level 3.0 Poison Magic


You had 13 spell levels left.
You knew the following spells:

 Your Spells              Type           Power        Failure   Level  Hunger
a - Magic Dart            Conj           ####         0%          1    None
b - Blink                 Tloc           N/A          1%          2    None
c - Venom Bolt            Conj/Pois      ######....   1%          5    None
d - Conjure Flame         Conj/Fire      #######.     0%          3    None
e - Throw Flame           Conj/Fire      ######       0%          2    None
f - Animate Skeleton      Necr           N/A          1%          1    None
g - Apportation           Tloc           ######       1%          1    None
h - Gell's Gravitas       Tloc           ######....   1%          3    None
i - Orb of Destruction    Conj           #######...   1%          7    ####...
j - Sting                 Conj/Pois      ####         1%          1    None
s - Searing Ray           Conj           ######       0%          2    None
x - Bolt of Magma         Conj/Fire/Erth ######....   1%          5    None
z - Mephitic Cloud        Conj/Pois/Air  ######..     1%          3    None


Dungeon Overview and Level Annotations

Branches:
Dungeon (15/15)            Temple (1/1) D:4            Lair (6/6) D:10
 Shoals (0/4) Lair:2        Snake (0/4) Lair:4        Slime (0/5) Lair:6
    Orc (0/2) D:9          Vaults (0/5) D:13         Depths (0/5) D:15

Altars:
Ashenzari
Cheibriados
Dithmenos
Elyvilon
Fedhas
Gozag
Hepliaklqana
Kikubaaqudgha
Makhleb
Nemelex Xobeh
Okawaru
Qazlal
Ru
Sif Muna
Trog
Uskayaw
Vehumet
Wu Jian
Xom
Yredelemnul
Zin
The Shining One

Shops:
D:13 ?

Annotations:
D:8 exclusion: hydra


Message History

Aiming: Venom Bolt
Press: ? - help, Shift-Dir - straight line, f/p - yaktaur captain
Aim: a yaktaur captain (moderately wounded, poisoned)
The bolt of poison hits the yaktaur captain.
The yaktaur captain is heavily wounded.
The yaktaur captain hits you!!
* * * LOW HITPOINT WARNING * * *
Casting: Venom Bolt
Confirm with . or Enter, or press ? or * to list all spells.
You blink.
The yaktaur captain hits you!
* * * LOW HITPOINT WARNING * * *
Casting: Blink
Confirm with . or Enter, or press ? or * to list all spells.
Aiming: Bolt of Magma
Press: ? - help, Shift-Dir - straight line, f/p - yaktaur captain
Aim: a yaktaur captain (heavily wounded, poisoned)
The bolt of magma hits the yaktaur captain.
The yaktaur captain is almost dead.
The yaktaur captain hits you!!
You die...

##################
......#≈≈.(....).#
......#≈.#≈≈≈###'#
......#......#..c#
......'.##≈..+.>@#
......#....."#...#..#
#######≈.#≈≈≈###+#..#
#.#≈≈...... ..#
#.############..#
#......#........#
#####......#........#
....#...............#
....#......#........#


You could see a yaktaur captain.

Vanquished Creatures
  Frances (D:13)
  2 ghouls (D:15)
  Azrael (D:13)
  Erolcha (D:9)
  Josephine (Lair:6)
  4 vault guards (D:13)
  An ice dragon (Lair:6)
  9 hydras
  A centaur warrior (D:13)
  8 two-headed ogres
  An ogre mage (D:13)
  9 death yaks
  The ghost of pk666 the Thaumaturge, a journeyman DEWz of Vehumet (Lair:1)
  A deep elf knight (D:13)
  Urug (Lair:2)
  4 unseen horrors
  2 lindwurms (Lair:6)
  A wizard (D:13)
  A lindwurm (shapeshifter) (D:14)
  A necromancer (Lair:5)
  2 orc knights
  3 cyclopes (D:15)
  A wolf spider (Lair:6)
  4 ugly things
  2 manticores
  Maurice (D:9)
  8 centaur zombies
  9 elephants
  Psyche (D:9)
  6 black mambas
  A gargoyle (D:14)
  8 spiny frogs
  4 kobold demonologists (D:14)
  5 torpor snails (Lair:6)
  An efreet (D:15)
  A freezing wraith (D:12)
  3 komodo dragons
  8 yaktaurs
  A redback zombie (D:15)
  A guardian mummy (D:15)
  3 tyrant leeches (Lair:6)
  9 polar bears (Lair:6)
  3 trolls
  10 hornets
  9 blink frogs
  14 slime creatures
  2 raiju (Lair:6)
  7 hippogriffs
  4 shadows
  2 spriggans
  41 yaks
  2 wyverns
  4 wraiths
  A steam dragon (D:11)
  3 basilisks
  4 fire elementals
  A hungry ghost (D:12)
  3 nagas (Lair:4)
  11 vampire mosquitoes
  7 wargs
  The ghost of myopia the Sneak, an amateur KoAs (D:3)
  An acid dragon (D:14)
  8 water moccasins
  7 porcupines
  A soldier ant (D:13)
  19 hell hounds
  10 orc warriors
  3 sky beasts
  A hornet zombie (D:15)
  11 black bears (Lair:6)
  6 ice beasts
  4 phantoms
  18 wolves
  6 ogres
  A necrophage (D:14)
  13 centaurs
  10 crocodiles
  4 big kobolds
  Blork the orc (D:6)
  18 bullfrogs
  A wyvern zombie (D:7)
  A water moccasin skeleton (D:8)
  A wyvern skeleton (D:13)
  5 scorpions
  5 wights (D:5)
  8 killer bees
  9 crimson imps
  A bullfrog zombie (D:8)
  A quasit (D:9)
  9 orc priests
  A gnoll shaman (D:9)
  2 hounds
  8 jellies
  Crazy Yiuf (D:7)
  6 centaur skeletons
  9 orc wizards
  5 iguanas
  Terence (D:3)
  3 bullfrog skeletons
  4 yak simulacra (Lair:5)
  2 polar bear simulacra (Lair:5)
  14 worker ants
  2 wolf simulacra (Lair:5)
  A hound zombie (D:5)
  2 hound skeletons (D:6)
  2 mummies (D:15)
  A howler monkey zombie (D:7)
  6 gnolls
  9 adders
  A shadow imp (D:10)
  An adder zombie (D:5)
  An adder skeleton (D:4)
  3 worms
  A dart slug (D:1)
  11 leopard geckos
  54 orcs
  11 bats
  8 giant cockroaches
  7 goblins
  10 hobgoblins
  7 jackals
  7 quokkas
  A ball python (D:1)
  5 frilled lizards
  A jackal skeleton (D:5)
  28 kobolds
  A leopard gecko skeleton (D:5)
  2 quokka zombies
  10 rats
  3 river rat simulacra (Lair:5)
  2 fungi
  2 plants (Lair:6)
701 creatures vanquished.

Vanquished Creatures (collateral kills)
  A killer bee (D:8)
1 creature vanquished.

Vanquished Creatures (others)
  A ball python (D:1)
  A bush (Lair:2)
  27 fungi
  43 plants
72 creatures vanquished.

Grand Total: 774 creatures vanquished

Notes
Turn   | Place    | Note
-------+----------+-------------------------------------------
     0 | D:1      | pk666 the Deep Elf Wizard began the quest for the Orb.
     0 | D:1      | Reached XP level 1. HP: 10/10 MP: 7/7
   142 | D:1      | Reached XP level 2. HP: 15/15 MP: 0/9
  1111 | D:1      | Reached XP level 3. HP: 19/19 MP: 9/11
  1115 | D:1      | Learned a level 2 spell: Blink
  1119 | D:1      | Learned a level 3 spell: Mephitic Cloud
  1123 | D:1      | Learned a level 3 spell: Conjure Flame
  2331 | D:2      | Reached skill level 5 in Spellcasting
  2333 | D:2      | Found an ancient bone altar of Kikubaaqudgha.
  2429 | D:2      | Reached skill level 1 in Fire Magic
  2429 | D:2      | Reached skill level 1 in Air Magic
  2429 | D:2      | Reached skill level 1 in Poison Magic
  2429 | D:2      | Reached XP level 4. HP: 24/24 MP: 9/13
  3300 | D:3      | Reached XP level 5. HP: 21/28 MP: 1/14
  3512 | D:3      | Noticed myopia's ghost (amateur KoAs)
  3533 | D:3      | Killed myopia's ghost
  3908 | D:3      | Noticed Terence
  3926 | D:3      | Killed Terence
  3926 | D:3      | Reached XP level 6. HP: 32/32 MP: 0/16
  4299 | D:3      | Found a snail-covered altar of Cheibriados.
  4697 | D:4      | Got a crude robe
  4708 | D:4      | Identified the cursed +1 robe "Detix" {rC++} (You found it on level 4 of the Dungeon)
  5534 | D:4      | Reached XP level 7. HP: 36/36 MP: 9/17
  5536 | D:4      | Reached skill level 6 in Spellcasting
  5713 | D:4      | Found an opulent altar of Gozag.
  5791 | D:4      | Found a staircase to the Ecumenical Temple.
  5800 | Temple   | Entered the Ecumenical Temple
  5945 | Temple   | Became a worshipper of Vehumet
  6059 | D:5      | Entered Level 5 of the Dungeon
  6522 | D:5      | Reached skill level 5 in Dodging
  7371 | D:5      | Reached skill level 7 in Spellcasting
  7835 | D:6      | Reached XP level 8. HP: 41/41 MP: 4/20
  8004 | D:6      | Reached skill level 5 in Conjurations
  8151 | D:6      | Reached skill level 5 in Fire Magic
  8370 | D:6      | Noticed Blork the orc
  8382 | D:6      | Killed Blork the orc
  9213 | D:7      | Reached skill level 8 in Spellcasting
  9384 | D:7      | Reached * piety under Vehumet
  9384 | D:7      | Offered knowledge of Sting by Vehumet.
  9387 | D:7      | Learned a level 1 spell: Sting
  9656 | D:7      | Found a runed door.
  9660 | D:7      | Noticed Crazy Yiuf
  9664 | D:7      | Killed Crazy Yiuf
 10126 | D:8      | Found an iron altar of Okawaru.
 10127 | D:8      | Noticed a four-headed hydra
 10204 | D:8      | Noticed a hippogriff
 10388 | D:7      | Learned a level 1 spell: Apportation
 10390 | D:7      | Learned a level 1 spell: Animate Skeleton
 10729 | D:8      | Reached skill level 1 in Necromancy
 10729 | D:8      | Reached XP level 9. HP: 45/45 MP: 14/23
 10929 | D:8      | Reached skill level 9 in Spellcasting
 11625 | D:8      | Found a sacrificial altar of Ru.
 11731 | D:8      | Found a shattered altar of Ashenzari.
 11731 | D:8      | Found a hazy altar of Hepliaklqana.
 11766 | D:8      | Found a faded altar of an unknown god.
 11768 | D:8      | Found a faded altar of an unknown god.
 11839 | D:8      | Found a blossoming altar of Fedhas.
 11932 | D:9      | Noticed Erolcha
 11960 | D:9      | Killed Erolcha
 12163 | D:9      | Reached ** piety under Vehumet
 12163 | D:9      | Offered knowledge of Throw Flame by Vehumet.
 12167 | D:9      | Learned a level 2 spell: Throw Flame
 12302 | D:9      | Noticed Maurice
 12598 | D:9      | Reached skill level 10 in Spellcasting
 12598 | D:9      | Reached XP level 10. HP: 50/50 MP: 21/26
 12961 | D:9      | Noticed Psyche
 12979 | D:9      | Killed Psyche
 13189 | D:9      | Killed Maurice
 13692 | D:9      | Found a staircase to the Orcish Mines.
 14073 | D:9      | Found a stormy altar of Qazlal.
 14695 | D:10     | Entered Level 10 of the Dungeon
 14699 | D:10     | Offered knowledge of Searing Ray by Vehumet.
 14707 | D:10     | Learned a level 2 spell: Searing Ray
 14785 | D:10     | Noticed a two-headed ogre
 15389 | D:10     | Noticed a two-headed ogre
 15405 | D:10     | Killed a two-headed ogre
 15723 | D:10     | Killed a two-headed ogre
 15730 | D:10     | Reached skill level 11 in Spellcasting
 15999 | D:10     | Reached skill level 10 in Dodging
 16127 | D:10     | Reached *** piety under Vehumet
 16524 | D:10     | Found a staircase to the Lair.
 16860 | D:10     | Reached XP level 11. HP: 39/54 MP: 12/28
 17317 | Lair:1   | Entered Level 1 of the Lair of Beasts
 17481 | Lair:1   | Learned a level 3 spell: Gell's Gravitas
 17787 | Lair:1   | Offered knowledge of Airstrike by Vehumet.
 17820 | Lair:1   | Noticed pk666's ghost (journeyman DEWz)
 18082 | Lair:1   | Killed pk666's ghost
 20481 | Lair:2   | Noticed Urug
 20699 | Lair:3   | Noticed a six-headed hydra
 21136 | Lair:3   | Learned a level 5 spell: Bolt of Magma
 21142 | Lair:3   | Learned a level 5 spell: Venom Bolt
 21515 | Lair:3   | Reached skill level 12 in Spellcasting
 21553 | Lair:3   | Reached skill level 10 in Conjurations
 21956 | Lair:3   | Reached skill level 10 in Fire Magic
 22056 | Lair:3   | Reached **** piety under Vehumet
 22064 | Lair:3   | Reached XP level 12. HP: 59/59 MP: 30/30
 22282 | Lair:3   | Offered knowledge of Stone Arrow by Vehumet.
 22463 | Lair:3   | Killed a six-headed hydra
 23173 | Lair:2   | Noticed a seven-headed hydra
 23181 | Lair:2   | Killed a seven-headed hydra
 23181 | Lair:2   | Reached skill level 13 in Spellcasting
 23292 | Lair:2   | Learned a level 7 spell: Orb of Destruction
 23713 | Lair:2   | Killed Urug
 23857 | Lair:2   | Found a staircase to the Shoals.
 24879 | Lair:4   | Found a staircase to the Snake Pit.
 25146 | Lair:4   | Reached skill level 14 in Spellcasting
 25568 | Lair:5   | Noticed a seven-headed hydra
 25916 | Lair:5   | Noticed a death yak
 25918 | Lair:5   | Noticed a death yak
 25919 | Lair:5   | Noticed a death yak
 25920 | Lair:5   | Killed a death yak
 25921 | Lair:5   | Noticed a death yak
 25940 | Lair:5   | Killed a death yak
 25942 | Lair:5   | Killed a death yak
 25956 | Lair:5   | Noticed a death yak
 26054 | Lair:5   | Killed a death yak
 26054 | Lair:5   | Reached XP level 13. HP: 63/63 MP: 31/33
 27042 | Lair:5   | Reached skill level 15 in Spellcasting
 27094 | Lair:5   | Reached ***** piety under Vehumet
 27286 | Lair:5   | Found a shimmering altar of Xom.
 27493 | Lair:6   | Entered Level 6 of the Lair of Beasts
 27493 | Lair:6   | Noticed Josephine
 27665 | Lair:6   | Offered knowledge of Freezing Cloud by Vehumet.
 27725 | Lair:6   | Killed Josephine
 27873 | Lair:6   | Found a runed door.
 28092 | Lair:6   | Paralysed by a hornet for 2 turns
 29845 | Lair:6   | Found a staircase to the Slime Pits.
 30062 | Lair:6   | Reached XP level 14. HP: 53/68 MP: 35/35
 30608 | Lair:6   | Offered knowledge of Force Lance by Vehumet.
 31540 | Lair:6   | Got a coiled platinum ring
 31542 | Lair:6   | Identified the ring "Qiaj" {+Fly rF+ MP+9 Int-4} (You found it on level 6 of the Lair of Beasts)
 31929 | Lair:1   | Identified a scroll of acquirement
 32031 | D:11     | Reached skill level 16 in Spellcasting
 35088 | D:13     | Offered knowledge of Bolt of Cold by Vehumet.
 35337 | D:13     | Found Oriet's Magic Scroll Shop.
 36047 | D:13     | Noticed Azrael
 36057 | D:13     | Killed Azrael
 36534 | D:13     | Reached skill level 15 in Dodging
 36680 | D:13     | Noticed Frances
 36691 | D:13     | Killed Frances
 36876 | D:13     | Reached XP level 15. HP: 51/72 MP: 37/37
 37376 | D:13     | Found a gate to the Vaults.
 37990 | D:14     | Reached skill level 17 in Spellcasting
 38896 | D:14     | Found a deep blue altar of Sif Muna.
 39269 | D:15     | Entered Level 15 of the Dungeon
 39344 | D:15     | Reached skill level 15 in Conjurations
 39880 | D:15     | Offered knowledge of Lightning Bolt by Vehumet.
 41279 | D:15     | Found a staircase to the Depths.
 41284 | D:15     | Demolished by a yaktaur captain

Skill      XL: |  1  2  3  4  5  6  7  8  9 10 11 12 13 14 15 |
---------------+----------------------------------------------+-----
Dodging        | 3 4 5 7 10 13 15 | 15.6
Conjurations   | 2 3 4 6 7 8 10 12 13 14 15 | 15.3
Spellcasting   | 5 7 8 10 11 12 14 15 16 17 | 17.6
Fire Magic     | 1 2 3 4 6 7 8 10 11 12 13 14 | 14.2
Air Magic      | 1 2 |  2.1
Poison Magic   | 1 2 3 |  3.0
Translocations | 3 4 |  4.1
Necromancy     | 1 2 4 |  4.7
Stealth        | |  2.4
Summonings     | |  1.1

Action                   |  1- 3 |  4- 6 |  7- 9 | 10-12 | 13-15 || total
-------------------------+-------+-------+-------+-------+-------++-------
Melee: Dagger            |    64 |     2 |    15 |    62 |       ||   143
       Staff             |       |       |       |     4 |    40 ||    44
 Cast: Magic Dart        |   123 |   149 |   403 |   292 |     3 ||   970
       Blink             |       |     2 |     9 |    14 |     5 ||    30
       Conjure Flame     |       |     7 |    34 |    49 |    27 ||   117
       Mephitic Cloud    |       |     1 |    19 |    61 |     6 ||    87
       Sting             |       |       |    24 |    15 |       ||    39
       Throw Flame       |       |       |     6 |    83 |       ||    89
       Apportation       |       |       |     1 |     3 |       ||     4
       Searing Ray       |       |       |       |    29 |     2 ||    31
       Bolt of Magma     |       |       |       |   132 |   512 ||   644
       Venom Bolt        |       |       |       |    18 |   151 ||   169
       Gell's Gravitas   |       |       |       |     1 |       ||     1
       Orb of Destructio |       |       |       |       |    18 ||    18
Evoke: Wand              |       |       |     1 |       |       ||     1
  Use: Scroll            |       |       |     9 |    15 |     9 ||    33
       Potion            |       |       |       |     6 |     3 ||     9
 Stab: Confused          |       |       |       |     1 |       ||     1
  Eat: Chunk             |     5 |     9 |    20 |    25 |    34 ||    93
       Ration            |       |       |       |     6 |     5 ||    11
Armor: Robe              |     1 |     7 |    13 |    28 |    29 ||    78
Dodge: Dodged            |     9 |    35 |    64 |   133 |   246 ||   487
